 Dungeon Crawl Stone Soup version 0.26-a0-1222-g14533b3512 (webtiles) character file.

Game seed: 7032796326921190433

539 knot the Chopper (level 7, 73/78 HPs)
             Began as a Demonspawn Berserker on Dec 31, 2020.
             Was a Believer of Trog.
             Quit the game on level 4 of the Dungeon.
             The game lasted 00:06:17 (3833 turns).

knot the Chopper (Demonspawn Berserker)             Turns: 3833, Time: 00:06:18

Health: 73/78      AC:  5    Str: 17    XL:     7   Next: 5%
Magic:  7/7        EV: 12    Int: 11    God:    Trog [**....]
Gold:   184        SH:  0    Dex: 12    Spells: 6/6 levels left

rFire    . . .     SeeInvis .   a - +0 hand axe
rCold    . . .     Faith    .   (no shield)
rNeg     . . .     Spirit   .   p - +0 ring mail
rPois    .         Reflect  .   (no helmet)
rElec    .         Harm     .   (no cloak)
rCorr    .         Rampage  .   (no gloves)
Will     .....                  (no boots)
Stlth    ..........             (no amulet)
HPRegen  0.23/turn              (no ring)
MPRegen  0.10/turn              s - ring of wizardry

@: berserking (expiring), very quick
A: powered by pain 1, sturdy frame 2
a: Renounce Religion, Berserk, Trog's Hand


You were on level 4 of the Dungeon.
You worshipped Trog.
Trog was pleased with you.
You visited 1 branch of the dungeon, and saw 6 of its levels.

You collected 184 gold pieces.

Inventory:

Hand Weapons
 a - a +0 hand axe (weapon)
 l - a cursed -3 hand axe
Armour
 p - a +0 ring mail (worn)
Jewellery
 b - an uncursed amulet of regeneration {unknown}
 s - a ring of wizardry (right hand)
Wands
 n - a wand of digging (5)
Scrolls
 c - 3 scrolls of teleportation
 f - a scroll of enchant weapon {unknown}
 g - a scroll of enchant armour {unknown}
 h - a scroll of identify
 j - a scroll of fog {unknown}
 m - a scroll of immolation {unknown}
 r - a scroll of fear
Potions
 d - a potion of mutation {unknown}
 e - 2 potions of magic {unknown}
 i - 2 potions of berserk rage {unknown}
 o - a potion of lignification {unknown}
 q - a potion of curing {unknown}


   Skills:
 - Level 3.0 Fighting
 + Level 7.4 Axes
 - Level 1.7 Armour
 - Level 1.7 Dodging


You had 6 spell levels left.
You didn't know any spells.
Your spell library was empty.

Dungeon Overview and Level Annotations

Branches:
Dungeon (6/15)
 Temple: D:4-7

Altars:
Kikubaaqudgha
Xom

Annotations:
D:6 Blork the orc


Innate Abilities, Weirdness & Mutations

You sometimes gain a little power by taking damage.
Your movements are less encumbered by armour. (ER -4)


Message History

The black bear claws you but does no damage.
You see here a giant cockroach corpse.
You slash the black bear!
The black bear is heavily wounded.
The black bear closely misses you.
The black bear claws you but does no damage. x2
You barely miss the black bear.
The black bear is heavily wounded.
The black bear closely misses you.
The black bear claws you but does no damage.
The black bear misses you.
You slash the black bear!
You kill the black bear!
Trog accepts your kill.
You have reached level 7!
Your demonic ancestry asserts itself...
You feel energised by your suffering.
Are you sure you want to abandon this character and quit the game? (Confirm with "yes".)
Okay, then.
Are you sure you want to abandon this character and quit the game? (Confirm with "yes".)

####### # ..#...## #..
#......##
#....##########........
#....@†.....>......#
############.......#
##>....## .....#
.h....# ......# ...<..#
.....##


There were no monsters in sight!

Vanquished Creatures
  Sigmund (D:2)
  A black bear (D:4)
  3 orc priests
  Natasha (thrice) (D:2)
  2 worker ants
  3 dart slugs
  2 leopard geckos
  11 orcs
  4 giant cockroaches
  8 goblins
  3 hobgoblins
  2 jackals (D:2)
  A quokka (D:2)
  6 bats
  2 frilled lizards
  8 kobolds
  6 rats
66 creatures vanquished.

Vanquished Creatures (others)
  A fungus (D:6)
1 creature vanquished.

Grand Total: 67 creatures vanquished

Notes
Turn   | Place    | Note
-------+----------+-------------------------------------------
     0 | D:1      | knot the Demonspawn Berserker began the quest for the Orb.
     0 | D:1      | Reached XP level 1. HP: 18/18 MP: 1/1
   102 | D:1      | Reached skill level 3 in Axes
   428 | D:1      | Gained mutation: Your movements are slightly less
                  | encumbered by armour. (ER -2) [demonic ancestry]
   428 | D:1      | Reached XP level 2. HP: 24/24 MP: 2/2
  1205 | D:2      | Noticed Natasha
  1219 | D:2      | Killed Natasha
  1220 | D:2      | Reached skill level 4 in Axes
  1220 | D:2      | Reached XP level 3. HP: 16/29 MP: 3/3
  1466 | D:2      | Noticed Natasha
  1474 | D:2      | Killed Natasha
  1475 | D:2      | Gained mutation: Your movements are less encumbered by
                  | armour. (ER -4) [demonic ancestry]
  1475 | D:2      | Reached XP level 4. HP: 35/35 MP: 4/4
  1535 | D:2      | Noticed Sigmund
  1637 | D:2      | Reached ** piety under Trog
  1897 | D:2      | Noticed Natasha
  1905 | D:2      | Killed Natasha
  1906 | D:2      | Reached skill level 5 in Axes
  2141 | D:2      | Reached XP level 5. HP: 27/41 MP: 5/5
  2142 | D:2      | Killed Sigmund
  2143 | D:2      | Reached skill level 6 in Axes
  2143 | D:2      | Reached XP level 6. HP: 32/47 MP: 6/6
  2571 | D:2      | Found a shimmering altar of Xom.
  2571 | D:2      | Found an ancient bone altar of Kikubaaqudgha.
  3729 | D:3      | You fall into a shaft and drop 3 floors!
  3735 | D:6      | Noticed Blork the orc
  3742 | D:5      | Entered Level 5 of the Dungeon
  3783 | D:5      | Reached skill level 7 in Axes
  3833 | D:4      | Gained mutation: You sometimes gain a little power by
                  | taking damage. [demonic ancestry]
  3833 | D:4      | Reached XP level 7. HP: 52/52 MP: 7/7
  3833 | D:4      | Quit the game

Illustrated notes

Levels and vault maps discovered:
D:1:      lightli_arrival_statue_moat, layout_loops_cross, serial_rivers,
          chequers_serial_rivers_small_3, chequers_serial_rivers_micro_c,
          chequers_serial_rivers_micro_b, chequers_serial_rivers_large_b,
          hangedman_decor_slide_cut
D:2:      layout_basic, gammafunk_temple_overflow_wave, serial_rivers,
          chequers_serial_rivers_micro_a, chequers_serial_rivers_small_b,
          chequers_serial_rivers_micro_e, chequers_serial_rivers_micro_a,
          uniq_sigmund, uniq_natasha
D:3:      cheibrodos_pilgrimage, layout_basic, nicolae_overflow_hidden_temple,
          lemuel_round_altar
D:4:      layout_rooms, grunt_gozag_breadcrumbs, kennysheep_cluttered_room
D:5:      layout_basic
D:6:      cheibrodos_quashed, layout_rooms, lemuel_coloured_pillars_altar,
          grunt_temple_overflow_lords_of_destruction, lemuel_round_altar,
          kennysheep_mini_moat, nicolae_overflow_crystal_walls,
          minmay_temple_entry_drinking_statues, serial_aquarium,
          aquarium_bridge_square [aquarium_subvault_bridge,
          aquarium_subvault_bridge, aquarium_subvault_wall,
          aquarium_subvault_wall], aquarium_window_fake, aquarium_window_3,
          aquarium_window_1, aquarium_view_2a, aquarium_balcony_1a,
          guppyfry_early_elven_hall, uniq_pikel, uniq_blork_the_orc,
          uniq_eustachio

Skill      XL: |  1  2  3  4  5  6 |
---------------+-------------------+-----
Axes           | 3 4 5 6 7 |  7.4
Fighting       | |  3.0
Armour         | |  1.7
Dodging        | |  1.7

Action                   |  1- 3 |  4- 6 |  7- 9 || total
-------------------------+-------+-------+-------++-------
Melee: Hand axe          |    59 |   113 |       ||   172
Invok: Berserk           |     2 |    10 |       ||    12
       Trog's Hand       |       |     2 |       ||     2
  Use: Scroll            |       |     5 |       ||     5
 Stab: Sleeping          |     1 |       |       ||     1
Armor: Animal skin       |    11 |    28 |       ||    39
       Ring mail         |       |    33 |       ||    33
Dodge: Dodged            |    35 |   136 |       ||   171

Table legend: (Time is in decaauts)
 A = Elapsed time spent in this place.
 B = Non-inter-level travel time spent in this place.
 C = Inter-level travel time spent in this place.
 D = Time resting spent in this place.
 E = Time spent auto-exploring this place.
 F = Levels seen in this place.
 G = Mean time per level.
                   A        B        C        D        E       F      G
               +--------+--------+--------+--------+--------+-----+--------+
         Total |   3993 |   3915 |     78 |   1307 |   2020 |   6 |  665.5 |
       Dungeon |   3993 |   3915 |     78 |   1307 |   2020 |   6 |  665.5 |
               +--------+--------+--------+--------+--------+-----+--------+

Top non-repeatable levels by time:
     D:2: 1976 daAuts
     D:1: 1626 daAuts
     D:3: 281 daAuts
     D:4: 52 daAuts
     D:5: 43 daAuts
     D:6: 12 daAuts
